 Dungeon Crawl Stone Soup version 0.29.1-12-g30fa7ad0bf (webtiles) character file.

Game seed: 8466662923824812415

13494 LLlMATKO the Fighter (level 11, -4/151 HPs)
             Began as a Minotaur Berserker on Dec 21, 2022.
             Was a High Priest of Trog.
             Slain by Snorg (17 damage)
             ... on level 12 of the Dungeon.
             The game lasted 00:15:05 (15556 turns).

LLlMATKO the Fighter (Minotaur Berserker)          Turns: 15556, Time: 00:15:06

Health: -4/151     AC: 17    Str: 23    XL:     11   Next: 76%
Magic:  10/10      EV: 10    Int:  4    God:    Trog [*****.]
Gold:   836        SH:  6    Dex: 13    Spells: 10/10 levels left

rFire   . . .      SeeInvis .   q - +1 war axe (venom)
rCold   . . .      Faith    .   i - +0 buckler
rNeg    . . .      Spirit   .   j - +1 plate armour
rPois   .          Reflect  .   (helmet restricted)
rElec   .          Harm     .   N - +0 cloak
rCorr   +          Rampage  .   (no gloves)
Will    .....                   (no boots)
Stlth   ..........              I - amulet of the acrobat
HPRegen 0.35/turn               l - +4 ring of slaying
MPRegen 0.12/turn               n - ring of resist corrosion

@: berserking (expiring), very quick
A: horns 2, retaliatory headbutt
a: Renounce Religion, Berserk, Trog's Hand, Brothers in Arms


You were on level 12 of the Dungeon.
You worshipped Trog.
Trog was extremely pleased with you.
You visited 1 branch of the dungeon, and saw 12 of its levels.
You also visited: Ossuary.

You collected 836 gold pieces.

Inventory:

Hand Weapons
 q - a +1 war axe of venom (weapon)
 w - a +2 vorpal arbalest
 M - a +1 hand axe of flaming
Missiles
 b - 2 silver boomerangs (quivered)
 K - a curare-tipped dart
 L - 17 poisoned darts
Armour
 i - a +0 buckler (worn)
 j - a +1 plate armour (worn)
 N - a +0 cloak (worn)
Jewellery
 l - a +4 ring of slaying (left hand)
 n - a ring of resist corrosion (right hand)
 r - a ring of protection from fire
 I - an amulet of the acrobat (around neck)
Wands
 E - a wand of iceblast (5)
 H - a wand of acid (18)
 O - a wand of flame (4)
Scrolls
 f - 3 scrolls of immolation
 g - 5 scrolls of identify
 k - 4 scrolls of silence
 s - 2 scrolls of enchant armour
 t - 7 scrolls of teleportation
 u - 2 scrolls of brand weapon
 y - 5 scrolls of magic mapping
 F - 2 scrolls of enchant weapon {unknown}
 G - 3 scrolls of fear {unknown}
 J - a scroll of amnesia {unknown}
 P - a scroll of butterflies {unknown}
Potions
 a - 2 potions of magic {unknown}
 c - 2 potions of invisibility {unknown}
 d - 11 potions of curing
 e - 5 potions of attraction {unknown}
 h - 4 potions of lignification {unknown}
 m - 5 potions of mutation
 o - 4 potions of flight {unknown}
 p - 2 potions of ambrosia {unknown}
 v - 13 potions of degeneration
 x - 2 potions of brilliance {unknown}
 z - a potion of might {unknown}
 A - 4 potions of heal wounds {unknown}
 B - 4 potions of cancellation {unknown}
 C - a potion of resistance {unknown}
 D - 2 potions of haste {unknown}


   Skills:
 + Level 10.8 Fighting
 + Level 10.7 Axes
 + Level 3.6 Ranged Weapons
 + Level 10.4 Armour
 + Level 9.6 Dodging
 + Level 10.0 Shields


You had 10 spell levels left.
You didn't know any spells.
Your spell library was empty.

Dungeon Overview and Level Annotations

Branches:
Dungeon (12/15)            Temple (0/1) D:7            Lair (0/5) D:10
    Orc (0/2) D:9         Ossuary (visited)

Altars:
Ashenzari
Gozag
Hepliaklqana
Makhleb
Sif Muna
Trog
Uskayaw
Vehumet
Xom
The Shining One

Shops:
D:4 ?

Annotations:
D:4 2 transporters, gargbit's ghost, amateur TrFi
D:8 exclusion: ice statue
D:11 2 transporters
D:12 Snorg


Innate Abilities, Weirdness & Mutations

You have a pair of horns on your head.
You reflexively headbutt those who attack you in melee.


Message History

Snorg bites you!
* * * LOW HITPOINT WARNING * * *
Snorg barely misses you. You block Snorg's attack.
The slime creature barely misses you.
The large slime creature barely misses you.
You furiously retaliate!
You headbutt the large slime creature! You closely miss Snorg.
Snorg is lightly wounded.
You barely miss the slime creature. You slash the large slime creature!
Snorg bites you but does no damage. Snorg completely misses you.
Snorg barely misses you.
The slime creature hits you but does no damage.
The large slime creature closely misses you.
You slice Snorg!!
Snorg looks as sick as possible!
You headbutt Snorg!
Snorg is heavily wounded.
You slash the slime creature!
You kill the slime creature!
Trog accepts your kill.
You hit the large slime creature. Snorg barely misses you.
You furiously retaliate!
You headbutt Snorg! Snorg misses you. Snorg claws you!
* * * LOW HITPOINT WARNING * * *
The large slime creature hits you but does no damage.
Snorg completely misses you. x2; Snorg claws you but does no damage.
Your Shields skill increases to level 10!
You closely miss Snorg.
Snorg is heavily wounded.
You barely miss the large slime creature.
You hit the red ugly thing.
The red ugly thing is poisoned.
The red ugly thing tail-slaps you but does no damage.
Snorg closely misses you. x2; Snorg claws you but does no damage.
Unknown command.
You slice Snorg!!
Snorg is severely wounded.
You slash the large slime creature!
The large slime creature looks as sick as possible!
You completely miss the red ugly thing.
You kill the large slime creature!
Trog accepts your kill. Snorg bites you!
You die...

# ............... #
.................. #
#................ . ##
#.............. ..#. #.
#.............
....#####.
#...........# #.....##.
#.......uT.# ##.....
#........@# #......
#........## ##......
##.......## #.....#.
#.......## ##.....##
##.....## #.....###
#...### ####....##
#....## ####.......#
####..######.........##
##..##...........##


You could see Snorg (berserk, extremely poisoned) and a red ugly thing (very
poisoned).

Vanquished Creatures
  A boulder beetle (D:11)
  A two-headed ogre (D:11)
  3 ugly things
  4 slime creatures (D:12)
  A cyclops (D:12)
  A gargoyle (D:10)
  A komodo dragon (D:10)
  3 trolls (D:11)
  A vampire (D:12)
  3 shadows
  2 wyverns (D:9)
  2 wraiths
  13 yaks
  3 steam dragons
  6 vampire mosquitoes
  An acid dragon (D:10)
  2 water moccasins (D:7)
  6 orc warriors
  An ice beast (D:7)
  A black bear (D:6)
  3 ogres
  Blork the orc (D:4)
  3 kobold brigands
  2 gnoll sergeants
  4 bullfrogs
  3 scorpions
  19 wights
  7 killer bees
  4 crimson imps (D:4)
  A centaur zombie (Ossuary)
  A human zombie (Ossuary)
  A gnoll bouda (D:8)
  4 hounds
  2 jellies
  4 orc priests
  2 iguanas
  Terence (D:2)
  6 orc wizards
  3 mummies (Ossuary)
  15 gnolls
  5 adders
  A white imp (D:5)
  4 worms
  A dart slug (D:5)
  46 orcs
  12 ball pythons
  4 bats
  7 endoplasms
  2 giant cockroaches (D:1)
  2 gnoll zombies (Ossuary)
  16 goblins
  2 hobgoblins
  3 quokkas
  4 frilled lizards
  2 goblin zombies (Ossuary)
  19 kobolds
  A kobold zombie (Ossuary)
  An orc zombie (Ossuary)
  4 rats
278 creatures vanquished.

Vanquished Creatures (others)
  17 fungi (D:10)
  19 plants
36 creatures vanquished.

Grand Total: 314 creatures vanquished

Notes
Turn   | Place    | Note
-------+----------+-------------------------------------------
     0 | D:1      | LLlMATKO the Minotaur Berserker began the quest for the
                  | Orb.
     0 | D:1      | Reached XP level 1. HP: 19/19 MP: 0/0
   524 | D:1      | Reached XP level 2. HP: 27/27 MP: 1/1
  1421 | D:2      | Reached XP level 3. HP: 29/33 MP: 2/2
  1457 | D:2      | Reached ** piety under Trog
  1589 | D:2      | Reached skill level 1 in Shields
  1763 | D:2      | Found a faded altar of an unknown god.
  1764 | D:2      | Noticed Terence
  1776 | D:2      | Killed Terence
  1777 | D:2      | Reached XP level 4. HP: 23/40 MP: 3/3
  2648 | D:3      | Reached XP level 5. HP: 47/47 MP: 4/4
  2913 | D:3      | Identified the +1 leather armour of Day {Dex+2}
  2985 | D:3      | Noticed an ogre
  2995 | D:3      | Killed an ogre
  3067 | D:4      | Found a transporter.
  3071 | D:4      | Noticed Blork the orc
  3078 | D:4      | Reached XP level 6. HP: 45/55 MP: 5/5
  3082 | D:4      | Killed Blork the orc
  3083 | D:4      | Reached skill level 5 in Fighting
  3083 | D:4      | Reached skill level 5 in Axes
  3312 | D:4      | Found a shimmering altar of Xom.
  3429 | D:4      | Noticed gargbit's ghost (amateur TrFi)
  3559 | D:4      | Reached *** piety under Trog
  3666 | D:4      | Found a transporter.
  3884 | D:4      | Reached XP level 7. HP: 61/61 MP: 6/6
  3926 | D:4      | Found Jaasuile's Magic Scroll Emporium.
  4041 | D:5      | Entered Level 5 of the Dungeon
  4066 | D:5      | Found a hide-covered altar of Uskayaw.
  4262 | D:5      | Reached skill level 5 in Armour
  4359 | D:5      | Found a burning altar of Makhleb.
  5073 | D:5      | Reached skill level 5 in Dodging
  5073 | D:5      | Reached XP level 8. HP: 70/70 MP: 7/7
  5655 | D:6      | Found a sand-covered staircase.
  5707 | Ossuary  | Entered an ossuary
  5789 | Ossuary  | Reached skill level 5 in Shields
  6117 | D:6      | Found a hazy altar of Hepliaklqana.
  6436 | D:6      | Found a broken altar of Ashenzari.
  6477 | D:6      | Identified the +7 quarterstaff "Uzill" {vamp, rC+ Str-4
                  | Dex+4}
  6675 | D:6      | Found a radiant altar of Vehumet.
  6792 | D:7      | Found a staircase to the Ecumenical Temple.
  6817 | D:7      | Reached **** piety under Trog
  7082 | D:7      | Reached XP level 9. HP: 79/79 MP: 8/8
  8363 | D:8      | Found an opulent altar of Gozag.
  8363 | D:8      | Found an opulent altar of Gozag.
  8364 | D:8      | Found an opulent altar of Gozag.
  8561 | D:8      | Found an opulent altar of Gozag.
  8724 | D:8      | Noticed an ice devil
  8724 | D:8      | Noticed an ice devil
  8724 | D:8      | Noticed an ice devil
  8724 | D:8      | Noticed an ice devil
  8725 | D:8      | Noticed an ice statue
  8725 | D:8      | Noticed an ice devil
  8830 | D:8      | Noticed an ice devil
  8832 | D:8      | Noticed an ice devil
  8881 | D:8      | Found a bloodstained altar of Trog.
  9579 | D:9      | You fall into a shaft and drop 2 floors!
  9635 | D:11     | Found a transporter.
  9635 | D:11     | Found the +2 cloak of the Thief {*Fog Slay-2 SInv Stlth+}
  9655 | D:11     | Found a transporter.
  9660 | D:11     | Noticed a troll
  9666 | D:11     | Killed a troll
  9697 | D:11     | Reached XP level 10. HP: 62/90 MP: 9/9
  9745 | D:11     | Noticed a two-headed ogre
  9782 | D:10     | Entered Level 10 of the Dungeon
 10418 | D:10     | Found a shimmering blue altar of Sif Muna.
 10648 | D:10     | Noticed a gargoyle
 10663 | D:10     | Killed a gargoyle
 10972 | D:10     | Found a staircase to the Lair.
 11552 | D:9      | Reached ***** piety under Trog
 11798 | D:9      | Reached XP level 11. HP: 77/99 MP: 10/10
 11897 | D:9      | Found a glowing golden altar of the Shining One.
 12129 | D:9      | Found a staircase to the Orcish Mines.
 12278 | D:10     | Reached skill level 10 in Axes
 12515 | D:10     | Reached skill level 10 in Fighting
 12954 | D:11     | Noticed a cyan ugly thing
 12962 | D:11     | Killed a cyan ugly thing
 12963 | D:11     | Reached skill level 1 in Ranged Weapons
 13631 | D:11     | Noticed a green ugly thing
 13640 | D:11     | Killed a green ugly thing
 13876 | D:11     | Noticed a boulder beetle
 13888 | D:11     | Killed a boulder beetle
 13889 | D:11     | Reached skill level 10 in Armour
 14260 | D:11     | Killed a two-headed ogre
 14711 | D:12     | Identified the +8 short sword "Huohuoly Zia" {flame, Fly
                  | rF+++ rC+ Dex-3}
 15538 | D:12     | Noticed a white ugly thing
 15539 | D:12     | Noticed Snorg
 15541 | D:12     | Noticed a red ugly thing
 15546 | D:12     | Killed a white ugly thing
 15555 | D:12     | Reached skill level 10 in Shields
 15556 | D:12     | Slain by Snorg

Illustrated notes

Levels and vault maps discovered:
D:1:      scummos_arrival_hexagon, layout_loops_cross, serial_bayou_pond_e
D:2:      layout_rooms, hellmonk_ecumenical_altar_zigzags, uniq_terence
D:3:      layout_basic, minmay_ogre_servants
D:4:      layout_basic, led_xom_imps, gammafunk_ghost_stat_death, serial_shops,
          shop, uniq_blork_the_orc
D:5:      cheibrodos_two_vegetables, layout_basic,
          eat_drink_and_be_merry_uskayaw, bloody_makhleb
D:6:      layout_rooms, lemuel_coloured_pillars_altar,
          mainiacjoe_overflow_six_doors_small, ashenzari_conservatory_becter,
          nicolae_ossuary_entry_false_entrances, minmay_misc_feat_rugged,
          minmay_quadrilaterals
D:7:      layout_rooms, minmay_temple_entry_mini_moons, nicolae_water_bricks
D:8:      cheibrodos_frozen_isle, layout_basic,
          nicolae_gozag_conspicuous_consumption, mainiacjoe_overflow_alcove_4
D:9:      layout_irregular_city, mainiacjoe_overflow_24_doors, orc_0_dummy,
          enter_bailey_5
D:10:     layout_cave_pods, kennysheep_mini, grunt_lair_entry_orc_guard_hut
D:11:     gammafunk_worm_tunnel, layout_basic
D:12:     layout_cave_pods, uniq_snorg

Skill      XL: |  1  2  3  4  5  6  7  8  9 10 11 |
---------------+----------------------------------+-----
Fighting       | 4 5 6 7 8 9 10 | 10.8
Axes           | 4 5 6 7 8 9 10 | 10.7
Armour         | 3 4 5 6 8 9 10 | 10.4
Shields        | 1 2 3 4 6 7 9 10 | 10.0
Dodging        | 3 4 5 6 7 8 9 |  9.6
Ranged Weapons | 3 |  3.6

Action                   |  1- 3 |  4- 6 |  7- 9 | 10-12 || total
-------------------------+-------+-------+-------+-------++-------
Melee: Hand axe          |   114 |    65 |       |       ||   179
       Headbutt          |    10 |    11 |    36 |    66 ||   123
       War axe           |       |    39 |   227 |   275 ||   541
Throw: Boomerang         |       |       |     5 |     6 ||    11
Invok: Berserk           |     1 |     1 |     4 |     4 ||    10
  Use: Scroll            |       |       |     5 |     3 ||     8
Armor: Animal skin       |     9 |       |       |       ||     9
       Plate armour      |    39 |    38 |   112 |   131 ||   320
Dodge: Dodged            |    41 |    27 |    91 |    92 ||   251
Block: Buckler           |    14 |    16 |    47 |    84 ||   161
